Map: Pylon LE

Players

Sindyr

  • Race: Zerg Zerg
  • League: Master
  • Spawn Location: 11:00

BlayiD - Winner!

  • Race: Zerg Zerg
  • League: Gold
  • Spawn Location: 5:00

VOD

Have the link to the VOD?

Description

Time

  • Played on: Oct. 25, 2025, 8:05 a.m.
  • Length: 8:28
Show
View Real Time Build Order
Export as new Build Order

Sindyr Zerg 

Build Orders: Pool First 

Get SALT Encoding   

  12  0:02  Drone  
  13  0:15  Drone  
  13  0:19  Extractor  
  13  0:20  Drone  
  15  0:31  Overlord x2  
  15  0:49  Drone  
  16  0:54  Spawning Pool  
  15  0:58  Drone  
  15  0:59  Drone  
  17  1:18  Hatchery  
  17  1:24  Drone  
  17  1:26  Drone  
  17  1:29  Extractor  
  17  1:33  Drone  
  18  1:52  Queen  
  22  2:34  Queen  
  22  2:36  Zergling x8  
  26  2:37  Metabolic Boost  
  26  2:52  Spine Crawler  
  25  3:04  Drone  
  25  3:05  Drone x7  
  33  3:10  Extractor  
  32  3:20  Overlord  
  32  3:29  Baneling Nest, Lair  
  31  3:38  Drone x4  
  35  3:53  Spine Crawler  
  34  3:59  Spine Crawler  
  33  4:06  Spine Crawler  
  32  4:13  Spine Crawler  
  32  4:15  Drone x3  
  32  4:16  Drone  
  35  4:22  Overlord  
  34  4:48  Zergling x14  
  34  4:49  Zergling x2  
  34  4:51  Zergling x2  
  26  5:16  Drone x4  
  26  5:17  Drone  
  31  5:33  Zergling x6  
  32  5:43  Zergling x4  
  26  5:53  Extractor  
  25  5:58  Drone  
  26  6:13  Zergling x10  
  28  6:25  Zergling x8  
  30  6:54  Hydralisk Den  
  30  6:55  Drone x5  
  32  7:32  Drone x11  
  32  7:34  Drone  
  44  7:39  Drone  
  45  7:52  Hydralisk  
  47  8:00  Hydralisk, Zergling x2  
  47  8:02  Hydralisk  
  47  8:04  Zergling x2  
  45  8:05  Zergling x2  
  45  8:07  Zergling x2  
  45  8:10  Zergling x2  
Show
View Real Time Build Order
Export as new Build Order

BlayiD Zerg - Winner!

Build Orders: Hatch First 

Get SALT Encoding   

  12  0:00  Drone  
  13  0:17  Overlord  
  13  0:23  Drone  
  14  0:37  Drone  
  14  0:38  Drone  
  16  0:47  Drone  
  17  0:51  Drone  
  18  0:58  Hatchery  
  17  1:05  Drone  
  17  1:09  Extractor  
  17  1:14  Spawning Pool  
  17  1:17  Drone  
  17  1:24  Drone  
  18  1:37  Drone  
  19  1:47  Drone  
  20  1:57  Drone  
  21  2:09  Queen, Overlord  
  23  2:17  Metabolic Boost  
  23  2:19  Zergling x4  
  23  2:21  Queen  
  27  2:34  Hatchery  
  26  2:37  Zergling x2  
  26  2:39  Zergling x2  
  28  2:54  Drone x2  
  28  2:56  Drone x2  
  32  3:09  Drone x2  
  32  3:10  Drone  
  35  3:23  Overlord x2  
  35  3:35  Extractor  
  35  3:36  Drone  
  35  3:41  Zergling x16  
  43  3:58  Drone  
  44  4:03  Lair  
  44  4:05  Drone x2  
  44  4:06  Drone  
  44  4:08  Zergling x2  
  44  4:09  Zergling x10  
  53  4:11  Zergling x2  
  53  4:14  Zergling x2  
  55  4:22  Queen  
  57  4:35  Roach Warren  
  49  4:57  Zergling x8  
  49  4:59  Zergling x14  
  52  5:00  Zergling x2  
  48  5:20  Roach  
  48  5:21  Roach x4  
  58  5:27  Overlord x4  
  58  5:35  Zergling x4  
  46  5:48  Drone x2  
  42  5:53  Drone  
  43  6:02  Drone  
  43  6:03  Drone  
  45  6:19  Zergling x2  
  45  6:20  Zergling x4  
  48  6:27  Roach  
  50  6:36  Drone x2  
  50  6:38  Drone  
  53  6:48  Drone x2  
  55  7:10  Drone x4  
  59  7:18  Zergling x8  
  59  7:19  Roach  
  59  7:22  Roach  
  67  7:30  Ravager  
  67  7:32  Ravager  
  67  7:33  Ravager  
  70  7:38  Roach x3  
  70  7:40  Roach  
  70  7:42  Zergling x2  
  79  7:46  Overlord  
Tags
 
Matchup
ZvZ
Race
Zerg
Replay Pack
Multiplayer
Spawn Locations
Cross Positions
Add a new tag
Caveats
  • Supply blocks, unpowered buildings, or Contaminate may cause inaccurate times.
  • Supply counts are checked every 10 seconds.